 Seeded DCSS version 0.30-a0-121-gb27577e5d9 (webtiles) character file.

Game seed: 12025096083975197726 (custom seed)

84 purpskrrrp the Trooper (level 4, -4/35 HPs)
             Began as a Demonspawn Fighter on Sept 14, 2022.
             Was a Believer of Dithmenos.
             Killed by divine providence
             ... invoked by an orc priest
              (12 damage)
             ... on level 3 of the Dungeon.
             The game lasted 00:03:04 (1982 turns).

purpskrrrp the Trooper (Demonspawn Fighter)         Turns: 1982, Time: 00:03:04

Health: -4/35      AC:  9    Str: 18    XL:     4   Next: 24%
Magic:  4/4        EV:  9    Int: 10    God:    Dithmenos [**....]
Gold:   100        SH:  4    Dex: 12    Spells: 3/3 levels left

rFire   . . .      SeeInvis .    a - +0 war axe
rCold   . . .      Faith    .    c - +0 buckler
rNeg    . . .      Spirit   .    b - +0 scale mail
rPois   .          Reflect  .    (no helmet)
rElec   .          Harm     .    g - +0 cloak
rCorr   .          Rampage  .    (no gloves)
Will    .....                    i - +0 pair of boots
Stlth   ..........               (no amulet)
HPRegen 0.11/turn                (no ring)
MPRegen 0.18/turn                (no ring)

@: mighty, wreathed by umbra
A: claws 1, magic regeneration
a: Renounce Religion, Shadow Step


You were on level 3 of the Dungeon.
You worshipped Dithmenos.
Dithmenos was pleased with you.
You visited 1 branch of the dungeon, and saw 3 of its levels.

You collected 100 gold pieces.

Inventory:

Hand Weapons
 a - a +0 war axe (weapon)
Missiles
 k - 3 silver boomerangs (quivered)
Armour
 b - a +0 scale mail (worn)
 c - a +0 buckler (worn)
 g - a +0 cloak (worn)
 i - a +0 pair of boots (worn)
Wands
 l - a wand of mindburst (17)
Scrolls
 f - a scroll of teleportation
 h - a scroll of immolation
 j - a scroll of enchant armour {unknown}
 o - a scroll of blinking {unknown}
Potions
 m - a potion of ambrosia
 p - a potion of lignification {unknown}


   Skills:
 + Level 3.4 Fighting
 * Level 2.8 Axes
 + Level 0.2 Throwing
 * Level 3.2 Armour
 + Level 0.1 Dodging
 + Level 3.1 Shields


You had 3 spell levels left.
You didn't know any spells.
Your spell library contained the following spells:

 Spells                   Type           Power      Damage    Failure   Level
 Portal Projectile        Hex/Tloc       0%         N/A       99%         3
 Stone Arrow              Conj/Erth      0%         3d7       99%         3
 Teleport Other           Tloc           0%         N/A       99%         3
 Manifold Assault         Tloc           0%         N/A       100%        4


Dungeon Overview and Level Annotations

Branches:
Dungeon (3/15)

Altars:
Dithmenos


Innate Abilities, Weirdness & Mutations

You have sharp fingernails.
You regenerate magic rapidly.


Message History

You closely miss the hobgoblin. You block the hobgoblin's attack.
You closely miss the hobgoblin. You block the hobgoblin's attack.
The hobgoblin hits you but does no damage.
You slice the hobgoblin!!
You kill the hobgoblin!
Dithmenos accepts your kill.
You can now step into the shadows of nearby creatures.
You block the ball python's attack. The ball python barely misses you.
You closely miss the ball python. The ball python closely misses you. x2
You barely miss the ball python. The ball python closely misses you.
You block the ball python's attack. The ball python barely misses you.
You block the ball python's attack.
You closely miss the ball python.
The ball python bites you but does no damage.
The ball python grabs you. The ball python constricts you.
The ball python bites you.
* * * LOW HITPOINT WARNING * * *
The ball python constricts you.
The orc priest looks satisfied for a moment.
You closely miss the ball python. You block the ball python's attack.
The ball python constricts you.
* * * LOW HITPOINT WARNING * * *
The orc priest looks encouraged for a moment.
The ball python bites you but does no damage.
The ball python constricts you.
You barely miss the ball python. The ball python closely misses you.
The ball python constricts you.
* * * LOW HITPOINT WARNING * * *
You closely miss the ball python.
The ball python bites you but does no damage.
The ball python constricts you.
The ball python bites you but does no damage.
The ball python constricts you.
The orc priest casts a cantrip, but nothing happens.
You slash the ball python!
You kill the ball python!
Dithmenos accepts your kill.
The orc priest invokes the aid of Beogh against you.
Beogh smites you!
You die...

...###...#..## ..
#.##..8...8..##..##.##
#.##.#.........oo#..##.#
#$.#............o#.....#
##...............$#...###
..........8...8..##....#
.....?..... . .###..###
.........#########...#
.........oooo)@......#
..........############
..........# .........##
#..?.....# ..........
..:....... ..........#


You could see 2 orc priests and 2 orcs.

Vanquished Creatures
  A gnoll (D:1)
  An adder (D:2)
  A worm (D:2)
  A dart slug (D:1)
  An orc (D:3)
  4 bats (D:1)
  7 endoplasms
  4 giant cockroaches
  4 hobgoblins
  9 ball pythons
  4 frilled lizards
  9 goblins
  4 kobolds
  8 rats
58 creatures vanquished.

Notes
Turn   | Place    | Note
-------+----------+-------------------------------------------
     0 | D:1      | purpskrrrp the Demonspawn Fighter began the quest for the
                  | Orb.
     0 | D:1      | Reached XP level 1. HP: 18/18 MP: 1/1
    54 | D:1      | Gained mutation: You regenerate magic rapidly. [demonic
                  | ancestry]
    54 | D:1      | Reached XP level 2. HP: 24/24 MP: 2/2
   328 | D:1      | Gained mutation: You have sharp fingernails. [demonic
                  | ancestry]
   328 | D:1      | Reached XP level 3. HP: 26/29 MP: 3/3
   433 | D:1      | Found a faded altar of an unknown god.
   435 | D:1      | Prayed at the altar of an unknown god.
   435 | D:1      | Became a worshipper of Dithmenos the Shadowed
   435 | D:1      | Reached * piety under Dithmenos
  1520 | D:2      | Reached XP level 4. HP: 34/35 MP: 4/4
  1573 | D:2      | Got Gattus's Opusculum on the Tesseract and the Geologist
  1975 | D:3      | Reached ** piety under Dithmenos
  1982 | D:3      | Killed from afar by an orc priest

Illustrated notes

Levels and vault maps discovered:
D:1:      lemuel_arrival_cross, layout_loops_ring,
          shapermc_ecumenical_altar_venn, st_stairs_9, minmay_unequal
D:2:      kennysheep_big_flooded_room, layout_loops_corners,
          minmay_misc_feat_doors
D:3:      cheibrodos_pilgrimage, layout_rooms, serial_shops, shop,
          corexii_corridor_pit, grunt_ministairs_9

Skill      XL: |  1  2  3 |
---------------+----------+-----
Axes           | 2 |  2.8
Armour         | 3 |  3.2
Shields        | 3 |  3.1
Fighting       | |  3.4
Throwing       | |  0.2
Dodging        | |  0.1

Action                   |  1- 3 |  4- 6 || total
-------------------------+-------+-------++-------
Melee: War axe           |   108 |    45 ||   153
  Use: Scroll            |     2 |     2 ||     4
       Potion            |       |     3 ||     3
Armor: Scale mail        |    77 |    22 ||    99
Dodge: Dodged            |    51 |    24 ||    75
Block: Buckler           |    26 |    20 ||    46

Table legend: (Time is in decaauts)
 A = Elapsed time spent in this place.
 B = Non-inter-level travel time spent in this place.
 C = Inter-level travel time spent in this place.
 D = Time resting spent in this place.
 E = Time spent auto-exploring this place.
 F = Levels seen in this place.
 G = Mean time per level.
                   A        B        C        D        E       F      G
               +--------+--------+--------+--------+--------+-----+--------+
         Total |   2045 |   1981 |     64 |      0 |   1559 |   3 |  681.7 |
       Dungeon |   2045 |   1981 |     64 |      0 |   1559 |   3 |  681.7 |
               +--------+--------+--------+--------+--------+-----+--------+

Top non-repeatable levels by time:
     D:1: 1028 daAuts
     D:2: 938 daAuts
     D:3: 78 daAuts
